AoeStats
← Michi3052

Enclosed

504234115Analyzed
1v1 RM · 29d ago on Sep 4, 2026· 46m 24s· 2 players
Game mode
Random Map
Map size
Tiny (2 player)
Population
200
Speed
Normal
Resources
Standard
Victory
Conquest
Starting age
Dark Age
Ending age
Imperial Age
RankedLock teamsTeams togetherTeam positionsShared explorationLock speedFull tech treeHidden civsTurbo modeCheats
Victory
Defeat
🇨🇿 Hindustanis · Czechia
734
+16
🇪🇸 Turks · Spain
724
-16
Michi3052
12:57 Feudal Age
13:25 Double-Bit Axe
18:26 Castle Age
17:05 Horse Collar
18:01 Gold Mining
23:56 Bow Saw
27:50 Imperial Age
29:11 Bloodlines
29:04 Loom
29:46 Heavy Plow
30:20 Padded Archer Armor
30:11 Fletching
32:13 Wheelbarrow
35:01 Leather Archer Armor
35:12 Ballistics
37:32 Thumb Ring
43:13 Hand Cart
42:44 Town Watch
45:16 Stone Mining
46:03 Gold Shaft Mining
Jan Žižka
3:04 Loom
11:01 Feudal Age
12:21 Wheelbarrow
11:35 Double-Bit Axe
18:06 Castle Age
16:04 Gold Mining
17:28 Horse Collar
17:40 Stone Mining
18:00 Padded Archer Armor
17:51 Fletching
19:56 Bow Saw
19:40 Crossbowman
21:53 Squires
26:24 Pikeman
27:10 Husbandry
28:39 Hand Cart
28:24 Town Watch
33:32 Imperial Age
31:58 Thumb Ring
32:35 Heavy Plow
34:26 Gold Shaft Mining
33:51 Murder Holes
34:07 Grand Trunk Road
34:07 Bodkin Arrow
35:17 Leather Archer Armor
36:21 Hoardings
38:32 Ring Archer Armor
38:47 Bloodlines
37:58 Light Cavalry
38:09 Siege Elephant
40:01 Two-Man Saw
40:19 Bracer
40:25 Scale Barding Armor
40:20 Scale Mail Armor
42:09 Forging
43:35 Conscription
44:30 Chemistry
44:18 Iron Casting
Connection lost

Rejoining the realm…

Still unreachable

The connection could not be restored.

Session expired

The server has moved on; the page needs a fresh start.